 Dungeon Crawl Stone Soup version 0.18.1-50-g88ac8fd (webtiles) character file.

8770 Econoterrorist the Destroyer (level 11, -9/54 HPs)
             Began as a Deep Elf Conjurer on Sept 25, 2016.
             Was an Elder of Vehumet.
             Mangled by Letos's ghost (18 damage)
             ... on level 10 of the Dungeon.
             The game lasted 00:47:22 (11318 turns).

Econoterrorist the Destroyer (Deep Elf Conjurer)   Turns: 11318, Time: 00:47:23

Health: -9/54      AC: 14    Str:  5    XL:     11   Next: 14%
Magic:  8/27       EV: 17    Int: 24    God:    Vehumet [****..]
Gold:   555        SH:  0    Dex: 15    Spells: 6 memorised, 13 levels left

rFire  + . .     SeeInvis .     H - +2 falchion (protect)
rCold  . . .     Gourm    .     I - +0 robe {MR+}
rNeg   . . .     Faith    .     (no shield)
rPois  .         Spirit   .     T - +2 hat {MR+}
rElec  .         Dismiss  .     S - +2 cloak {MR+}
rCorr  .         Reflect  .     s - +0 pair of gloves
SustAt .         Harm     .     M - +0 pair of boots
MR     ++++.                    (no amulet)
Stlth  +++.......               E - ring of protection from fire
                                m - ring of stealth

@: incredibly resistant to hostile enchantments, fairly stealthy
A: no striking features
a: Renounce Religion


You were on level 10 of the Dungeon.
You worshipped Vehumet.
Vehumet was greatly pleased with you.
You were not hungry.

You visited 1 branch of the dungeon, and saw 11 of its levels.

You collected 569 gold pieces.
You spent 14 gold pieces at shops.

Inventory:

Hand Weapons
 H - a +2 falchion of protection (weapon)
Missiles
 a - a throwing net (quivered)
Armour
 s - a +0 pair of gloves (worn)
 I - a +0 robe of magic resistance (worn)
 M - a +0 pair of boots (worn)
 S - a +2 cloak of magic resistance (worn)
 T - a +2 hat of magic resistance (worn)
Jewellery
 m - a ring of stealth (left hand)
 E - a ring of protection from fire (right hand)
 F - an uncursed ring of protection from fire
Wands
 d - a wand of lightning (10/15)
 u - a wand of iceblast (7/15)
 B - a wand of acid (6/15)
 K - a wand of acid (13/15)
 N - a wand of flame (32/48)
 Q - a wand of lightning (8/15)
Scrolls
 f - 4 scrolls of immolation {unknown}
 g - 3 scrolls of magic mapping {unknown}
 i - 5 scrolls of amnesia {unknown}
 j - 6 scrolls of fear
 k - 6 scrolls of teleportation
 l - 3 scrolls of enchant armour {unknown}
 n - 7 scrolls of remove curse
 o - 2 scrolls of noise {unknown}
 t - 8 scrolls of identify {unknown}
 w - 3 scrolls of blinking {unknown}
 y - 2 scrolls of enchant weapon {unknown}
 C - a scroll of random uselessness {unknown}
 L - a scroll of fog {unknown}
 U - a scroll of torment {unknown}
Potions
 e - 3 potions of flight {unknown}
 h - 2 potions of curing {unknown}
 p - a potion of cure mutation {unknown}
 q - 2 potions of lignification {unknown}
 r - a potion of haste {unknown}
 v - a potion of resistance {unknown}
 z - a potion of agility {unknown}
 A - a potion of might {unknown}
 D - 3 potions of berserk rage {unknown}
 G - a potion of ambrosia {unknown}
 O - a potion of heal wounds {unknown}
 R - a potion of beneficial mutation {unknown}
Books
 b - a book of Conjurations

   Spells                             Type                      Level
   a - Magic Dart                     Conjuration                  1
   b - Searing Ray                    Conjuration                  2
   c - Dazzling Spray                 Conjuration/Hexes            3
   d - Fulminant Prism                Conjuration/Hexes            4
   e - Iskenderun's Mystic Blast      Conjuration                  4
   f - Iskenderun's Battlesphere      Conjuration/Charms           5
 J - a book of Annihilations

   Spells                             Type                      Level
   a - Poison Arrow                   Conjuration/Poison           6
   b - Chain Lightning                Conjuration/Air              8
   c - Lehudib's Crystal Spear        Conjuration/Earth            8
   d - Glaciate                       Conjuration/Ice              9
   e - Fire Storm                     Conjuration/Fire             9
Comestibles
 c - 9 bread rations
 x - 5 meat rations
 P - 6 beef jerkies


   Skills:
 - Level 8.0 Dodging
 - Level 2.4 Stealth
 + Level 10.9 Spellcasting
 - Level 11.0 Conjurations
 - Level 7.2 Charms
 - Level 8.1 Fire Magic
 - Level 5.0 Air Magic


You had 13 spell levels left.
You knew the following spells:

 Your Spells              Type           Power        Failure   Level  Hunger
a - Magic Dart            Conj           ####         1%          1    None
b - Searing Ray           Conj           ######       1%          2    None
c - Iskenderun's Battles  Conj/Chrm      ######..     1%          5    ####...
d - Iskenderun's Mystic   Conj           ######..     1%          4    None
e - Throw Flame           Conj/Fire      ######       1%          2    None
f - Airstrike             Air            #####.....   2%          4    None


Dungeon Overview and Level Annotations

Branches:
Dungeon (11/15)            Temple (0/1) D:6
   Lair: D:8-11         Orc: D:9-12

Altars:
Ashenzari
Dithmenos
Makhleb
Qazlal
Sif Muna
Vehumet
Xom
Yredelemnul
The Shining One

Shops:
D:5 *

Annotations:
D:10 Letos's ghost, journeyman FoFi


Message History

* * * LOW HITPOINT WARNING * * *
Letos's ghost whispers, "Death is liberation."
You see here 5 javelins.
Letos's ghost holds its blade at the ready.
You see here 5 javelins.
Casting: Iskenderun's Mystic Blast
Confirm with . or Enter, or press ? or * to list all spells.
Aiming: Iskenderun's Mystic Blast
Press: ? - help, Shift-Dir - straight line, f/p - Letos's ghost
Aim: Letos's ghost, wielding a weapon of freezing (severely damaged)
The orb of energy hits Letos's ghost.
Letos's ghost is severely damaged.
The orb of energy explodes!
Letos's ghost hits you!
* * * LOW HITPOINT WARNING * * *
Letos's ghost freezes you.
* * * LOW HITPOINT WARNING * * *
Letos's ghost shouts, "Do you think the gods will protect you?"
You see here an orc skeleton.
Letos's ghost hits you!!
You die...

#...........# #
#...........#.......##
#...........#.......#.
#...........#.......#.
#...........#.!.....#.
#.########..#.......#.
#.# #..#.......#.
#.########..#.......##
#....@W.....#.......##
#...........#.......##
#...........#.........
#.....####..#.........
#.....# #..#.........
#.....# #..'.........
#.....####..#.........
#...........##+######'
#.............*.......


You could see Letos's ghost.

Vanquished Creatures
  Gastronok (D:9)
  Pikel (D:5)
  Maurice (D:8)
  Joseph (D:7)
  A troll (D:10)
  A two-headed ogre (D:8)
  Prince Ribbit (D:5)
  Duvessa (D:5)
  Sigmund (D:5)
  2 wyverns
  Eustachio (D:5)
  4 vampire mosquitoes (D:9)
  A hungry ghost (D:7)
  A soldier ant (D:10)
  Dowan (D:5)
  A black bear (D:9)
  An eye of draining (D:10)
  An ice beast (D:10)
  4 orc warriors
  2 sky beasts
  A phantom (D:8)
  7 ogres
  2 centaurs
  2 big kobolds
  Blork the orc (D:5)
  8 giant frogs
  A water moccasin zombie (D:9)
  2 scorpions
  A howler monkey (D:3)
  4 crimson imps
  A centaur zombie (D:7)
  A giant frog zombie (D:6)
  5 hounds
  A jelly (D:7)
  2 orc priests (D:10)
  13 orc wizards
  A centaur skeleton (D:5)
  An iguana (D:7)
  Jessica (D:3)
  5 worker ants
  A hound zombie (D:5)
  A worker ant zombie (D:8)
  10 gnolls
  13 adders
  2 howler monkey skeletons
  2 shadow imps
  2 adder zombies (D:5)
  2 adder skeletons
  3 worms
  A dart slug (D:3)
  4 giant geckos
  50 orcs
  6 giant cockroaches
  7 goblins
  7 hobgoblins
  13 jackals
  17 kobolds
  3 quokkas
  A ball python (D:4)
  7 bats
  8 giant newts
  A jackal skeleton (D:8)
  A jackal zombie (D:6)
  A quokka skeleton (D:8)
  A quokka zombie (D:5)
  5 rats
257 creatures vanquished.

Vanquished Creatures (others)
  3 slaves (D:5)
  A jelly (D:5)
  A giant frog zombie (D:5)
  A quokka (D:5)
  A worker ant zombie (D:5)
  An adder skeleton (D:5)
  An adder zombie (D:5)
  A giant gecko (D:5)
  An orc (D:5)
  A giant gecko zombie (D:5)
  A jackal zombie (D:5)
  A fungus (D:11)
  A plant (D:11)
15 creatures vanquished.

Grand Total: 272 creatures vanquished

Notes
Turn   | Place    | Note
--------------------------------------------------------------
     0 | D:1      | Econoterrorist the Deep Elf Conjurer began the quest for the Orb.
     0 | D:1      | Reached XP level 1. HP: 10/10 MP: 6/6
   328 | D:1      | Reached XP level 2. HP: 15/15 MP: 5/8
   332 | D:1      | Learned a level 2 spell: Searing Ray
   652 | D:2      | Reached XP level 3. HP: 18/19 MP: 8/10
   702 | D:2      | Reached skill level 5 in Conjurations
  1102 | D:2      | Reached XP level 4. HP: 24/24 MP: 4/12
  1490 | D:3      | Found a radiant altar of Vehumet.
  1513 | D:3      | Became a worshipper of Vehumet
  1526 | D:3      | Reached skill level 6 in Conjurations
  1731 | D:3      | Noticed Jessica
  1736 | D:3      | Killed Jessica
  1913 | D:3      | Reached XP level 5. HP: 28/28 MP: 7/13
  2294 | D:4      | Reached skill level 7 in Conjurations
  2417 | D:4      | Learned a level 5 spell: Iskenderun's Battlesphere
  2422 | D:4      | Learned a level 4 spell: Iskenderun's Mystic Blast
  2473 | D:4      | Reached skill level 1 in Charms
  2727 | D:4      | Reached * piety under Vehumet
  2727 | D:4      | Offered knowledge of Sting by Vehumet.
  2877 | D:4      | Reached XP level 6. HP: 28/32 MP: 8/14
  3348 | D:4      | Reached skill level 5 in Charms
  3541 | D:5      | Entered Level 5 of the Dungeon
  3712 | D:5      | Noticed Blork the orc
  3922 | D:5      | Killed Blork the orc
  3922 | D:5      | Reached XP level 7. HP: 23/36 MP: 7/15
  4229 | D:5      | Noticed Pikel
  4276 | D:5      | Killed Pikel
  4276 | D:5      | Reached skill level 9 in Conjurations
  4276 | D:5      | Reached XP level 8. HP: 4/41 MP: 6/16
  4581 | D:5      | Found a shadowy altar of Dithmenos.
  4603 | D:5      | Offered knowledge of Throw Flame by Vehumet.
  4611 | D:5      | Learned a level 2 spell: Throw Flame
  4653 | D:5      | Noticed Duvessa
  4654 | D:5      | Noticed Dowan
  4668 | D:5      | Killed Duvessa
  4668 | D:5      | Reached ** piety under Vehumet
  4668 | D:5      | Reached skill level 10 in Conjurations
  4670 | D:5      | Killed Dowan
  4933 | D:5      | Noticed Sigmund
  4954 | D:5      | Killed Sigmund
  4954 | D:5      | Reached skill level 11 in Conjurations
  4989 | D:5      | Noticed Eustachio
  5009 | D:5      | Killed Eustachio
  5009 | D:5      | Reached skill level 5 in Spellcasting
  5233 | D:5      | Noticed Prince Ribbit
  5235 | D:5      | Found Durijyr's General Store.
  5240 | D:5      | Killed Prince Ribbit
  5240 | D:5      | Reached XP level 9. HP: 45/45 MP: 12/21
  5250 | D:5      | Bought a potion of degeneration for 14 gold pieces
  5659 | D:6      | Found a shattered altar of Ashenzari.
  5659 | D:6      | Found a deep blue altar of Sif Muna.
  5660 | D:6      | Found a shimmering altar of Xom.
  6147 | D:6      | Found a staircase to the Ecumenical Temple.
  6276 | D:6      | Offered knowledge of Ignite Poison by Vehumet.
  6397 | D:6      | Reached skill level 1 in Fire Magic
  6834 | D:7      | Reached *** piety under Vehumet
  6888 | D:7      | Reached skill level 5 in Fire Magic
  7033 | D:7      | Offered knowledge of Airstrike by Vehumet.
  7041 | D:7      | Learned a level 4 spell: Airstrike
  7265 | D:7      | Noticed Joseph
  7271 | D:7      | Killed Joseph
  7534 | D:7      | Found a basalt altar of Yredelemnul.
  7872 | D:8      | Noticed Maurice
  7882 | D:8      | Killed Maurice
  7882 | D:8      | Reached XP level 10. HP: 23/50 MP: 11/24
  8618 | D:8      | Reached **** piety under Vehumet
  8749 | D:9      | Reached skill level 5 in Air Magic
  8874 | D:9      | Found a glowing golden altar of the Shining One.
  8875 | D:9      | Found a burning altar of Makhleb.
  8918 | D:9      | You fall through a shaft for 2 floors!
  8977 | D:10     | Entered Level 10 of the Dungeon
  9057 | D:9      | Found a stormy altar of Qazlal.
  9099 | D:9      | Noticed Gastronok
  9109 | D:9      | Killed Gastronok
  9192 | D:9      | Offered knowledge of Static Discharge by Vehumet.
 10136 | D:10     | Reached XP level 11. HP: 54/54 MP: 26/26
 10229 | D:10     | Reached skill level 10 in Spellcasting
 10567 | D:10     | Noticed Letos's ghost (journeyman FoFi)
 11318 | D:10     | Mangled by Letos's ghost

Skill      XL: |  1  2  3  4  5  6  7  8  9 10 11 |
---------------+----------------------------------+-----
Spellcasting   | 4 7 8 9 10 | 10.9
Conjurations   | 5 6 7 9 11 | 11.0
Charms         | 3 6 7 |  7.2
Fire Magic     | 8 |  8.1
Air Magic      | 2 5 |  5.0
Dodging        | 8 |  8.0
Stealth        | |  2.4

Action                   |  1- 3 |  4- 6 |  7- 9 | 10-12 || total
-------------------------+-------+-------+-------+-------++-------
Melee: Short sword       |    12 |    11 |       |       ||    23
       Falchion          |       |       |     5 |       ||     5
 Cast: Magic Dart        |    41 |   110 |   176 |   162 ||   489
       Searing Ray       |     1 |    14 |    21 |       ||    36
       Iskenderun's Batt |       |       |    17 |    32 ||    49
       Iskenderun's Myst |       |       |     1 |    17 ||    18
       Throw Flame       |       |       |       |    11 ||    11
       Airstrike         |       |       |       |     4 ||     4
  Use: Scroll            |       |       |       |     3 ||     3
 Stab: Sleeping          |     5 |     2 |       |       ||     7
  Eat: Chunk             |       |     6 |     9 |     8 ||    23
       Fruit             |       |     2 |     1 |     4 ||     7
       Beef jerky        |       |     1 |       |     1 ||     2
       Pizza             |       |       |     2 |     1 ||     3
       Bread ration      |       |       |     1 |     1 ||     2
Armor: Robe              |     5 |    10 |    36 |    16 ||    67
Dodge: Dodged            |    16 |    32 |    38 |    56 ||   142
